 Dungeon Crawl Stone Soup version 0.24-a0-584-g9d6b971ae4 (webtiles) character file.

Game seed: 15104404299737678046, levelgen mode: deterministic

133 Mithandil the Ruffian (level 4, 45/45 HPs)
             Began as a Troll Monk on Sept 5, 2019.
             Quit the game on level 3 of the Dungeon.
             The game lasted 00:12:16 (2223 turns).

Mithandil the Ruffian (Troll Monk)                  Turns: 2223, Time: 00:12:16

Health: 45/45      AC:  8    Str: 20    XL:     4   Next: 93%
Magic:  3/3        EV: 13    Int:  6    God:
Gold:   180        SH:  0    Dex: 10    Spells: 1/3 levels left

rFire    . . .     SeeInvis .   m - -1 hunting sling (curse)
rCold    . . .     Gourm    +   (no shield)
rNeg     . . .     Faith    .   a - +0 robe
rPois    .         Spirit   .   f - +2 hat
rElec    .         Reflect  .   (no cloak)
rCorr    .         Harm     .   (gloves unavailable)
MR       .....                  (boots unavailable)
Stlth    +++.......             (no amulet)
HPRegen  0.55/turn              c - +3 ring of evasion
MPRegen  0.08/turn              j - ring of stealth

@: no status effects
A: large, unfitting armour, claws 3, clumsy 1, fast metabolism 3, gourmand,
regeneration 1, shaggy fur 1, tough skin 3, evolution 1, MP-powered wands
a: no special abilities


You were on level 3 of the Dungeon.
You were very full.

You visited 1 branch of the dungeon, and saw 3 of its levels.

You collected 180 gold pieces.

Inventory:

Hand Weapons
 b - a +3 trident of protection
 m - a cursed -1 hunting sling (weapon)
Missiles
 d - 97 stones (quivered)
 e - 12 arrows
 k - 11 bolts
 l - 10 poisoned darts
Armour
 a - a +0 robe (worn)
 f - a +2 hat (worn)
Jewellery
 c - a +3 ring of evasion (left claw)
 h - an uncursed ring of stealth
 j - a ring of stealth (right claw)
 n - an uncursed ring of wizardry {unknown}
Scrolls
 i - 2 scrolls of identify
Comestibles
 g - 6 rations


   Skills:
 * Level 3.2 Fighting
 + Level 0.7 Polearms
 + Level 0.4 Throwing
 + Level 2.9 Dodging
 + Level 1.4 Stealth
 * Level 3.9 Unarmed Combat


You had one spell level left.
You knew the following spells:

 Your Spells              Type           Power        Failure   Level  Hunger
d - Magic Dart            Conj           #...         45%         1    ##.....
t - Confusing Touch       Hex            #.....       45%         1    ##.....

Your spell library contained the following spells:

 Spells                   Type           Power        Failure   Level  Hunger
 Blink                    Tloc           N/A          58%         2    ###....
 Call Imp                 Summ           #.......     58%         2    ###....
 Slow                     Hex            #.......     58%         2    ###....
 Confuse                  Hex            #.......     83%         3    ####...
 Conjure Flame            Conj/Fire      #.......     83%         3    ####...
 Gell's Gravitas          Tloc           #.........   83%         3    ####...
 Mephitic Cloud           Conj/Pois/Air  #.......     83%         3    ####...
 Petrify                  Tmut/Erth      #.......     99%         4    #####..
 Metabolic Englaciation   Hex/Ice        #.........   100%        5    ######.
 Yara's Violent Unravell  Hex/Tmut       #.........   100%        5    ######.


Dungeon Overview and Level Annotations

Branches:
Dungeon (3/15)

Altars:
Qazlal
Uskayaw


Innate Abilities, Weirdness & Mutations

You are too large for most types of armour.
You have claws for hands.
Your metabolism is lightning-fast.
You like to eat raw meat.
Your natural rate of healing is unusually fast.
You are covered in fur. (AC +1)
You have extremely tough skin. (AC +3)
You are clumsy. (Dex -2)
You evolve.
You expend magic power (3 MP) to strengthen your wands.


Message History

Eating a chunk of flesh.
You eat the chunk of flesh.
This raw flesh tastes great.
There is an open door here.
h - a ring of stealth
Found a trident.
Found a stone staircase leading down.
You see here a trident.
There is a stone staircase leading down here.
It sticks to your claw!
m - a cursed -1 hunting sling (weapon)
You open the door.
There is an open door here.
You open the door.
Found a stone staircase leading down.
There is an open door here.
You open the door.
There is an open door here.
There is a stone staircase leading down here.
n - a scratched diamond ring Are you sure you want to abandon this character and quit the game? (Confirm with "yes".)

#.......'......
#.#######......
#.#######......
#>......'......
#.#######......
#######.##
#.#####
#........# #..#
+........#
##.####
#...@....#
#.##..
#........#
#.##.♣
#........#
#.##.♣
#........#
#.##..
##########
#.#... #.#.##
#.. #


There were no monsters in sight!

Vanquished Creatures
  A worker ant (D:2)
  5 adders
  A dart slug (D:1)
  3 leopard geckos
  2 ball pythons
  6 bats
  5 giant cockroaches
  4 goblins
  6 hobgoblins
  7 jackals
  10 kobolds
  A quokka (D:2)
  4 frilled lizards
  4 rats
59 creatures vanquished.

Notes
Turn   | Place    | Note
-------+----------+-------------------------------------------
     0 | D:1      | Mithandil the Troll Monk began the quest for the Orb.
     0 | D:1      | Reached XP level 1. HP: 22/22 MP: 0/0
    91 | D:2      | Found a hide-covered altar of Uskayaw.
    98 | D:2      | Reached XP level 2. HP: 27/29 MP: 1/1
   621 | D:1      | Reached XP level 3. HP: 36/36 MP: 2/2
   659 | D:1      | Gained mutation: You evolve. [potion of mutation]
   659 | D:1      | Gained mutation: You are clumsy. (Dex -2) [potion of
                  | mutation]
   659 | D:1      | Gained mutation: You expend magic power (3 MP) to
                  | strengthen your wands. [potion of mutation]
  1406 | D:2      | Learned a level 1 spell: Confusing Touch
  1510 | D:2      | Reached XP level 4. HP: 45/45 MP: 3/3
  1525 | D:2      | Learned a level 1 spell: Magic Dart
  1921 | D:2      | Found a stormy altar of Qazlal.
  2020 | D:3      | Found a faded altar of an unknown god.
  2223 | D:3      | Quit the game

Levels and vault maps discovered:
D:1:      onia_arrival_pyramid, layout_basic, minmay_misc_feat_ornament,
          minmay_pentomino_x2
D:2:      layout_basic, eat_drink_and_be_merry_uskayaw,
          overflow_temple_1_default, minmay_increasing_density
D:3:      layout_basic, chequers_ecumenical_altar_island, chequers_mini_garden

Skill      XL: |  1  2  3 |
---------------+----------+-----
Fighting       | 3 |  3.2
Polearms       | |  0.7
Throwing       | |  0.4
Dodging        | |  2.9
Stealth        | |  1.4
Unarmed Combat | |  3.9

Action                   |  1- 3 |  4- 6 || total
-------------------------+-------+-------++-------
Melee: Unarmed           |   100 |    41 ||   141
       Punch             |     2 |       ||     2
  Use: Scroll            |     6 |     1 ||     7
       Potion            |     4 |       ||     4
 Stab: Sleeping          |     3 |     3 ||     6
  Eat: Chunk             |    19 |     6 ||    25
Armor: Robe              |    37 |    15 ||    52
Dodge: Dodged            |    69 |    26 ||    95

Table legend:
 A = Non-vault XP
 B = Vault XP
 C = Vault XP percentage of total XP
 D = Non-vault monster count
 E = Vault monster count
 F = Vault count percentage of total count
                 A         B        C        D         E       F
            +---------+---------+-------+---------+---------+-------
      Total |     135 |      55 |  28.9 |      53 |       6 |  10.2
            +---------+---------+-------+---------+---------+-------
        D:1 |      38 |       4 |   9.5 |      20 |       2 |   9.1
        D:2 |      55 |      51 |  48.1 |      22 |       4 |  15.4
        D:3 |      42 |       0 |   0.0 |      11 |       0 |   0.0
            +---------+---------+-------+---------+---------+-------
